 Dungeon Crawl Stone Soup version 0.18-a0-921-g28655ce (webtiles) character file.

345 Gorice the Ducker (level 6, -2/27 HPs)
             Began as a Felid Wanderer on Dec 27, 2015.
             Slain by an orc priest
             ... wielding a +0 hand axe
              (4 damage)
             ... on level 3 of the Dungeon.
             The game lasted 00:25:09 (6590 turns).

Gorice the Ducker (Felid Wanderer)                  Turns: 6590, Time: 00:25:09

Health: -2/27      AC:  2    Str:  9    XL:     6   Next: 32%
Magic:  13/13      EV: 21    Int: 11    God:
Gold:   183        SH:  0    Dex: 19    Spells: 0 memorised, 13 levels left
                                        Lives:  0   Deaths: 1

rFire  . . .     SeeInvis +       - Unarmed
rCold  + . .     Gourm    .     (armour unavailable)
rNeg   . . .     Faith    .     (shield unavailable)
rPois  +         Spirit   .     (helmet unavailable)
rElec  .         Dismiss  .     (cloak unavailable)
rCorr  .         Reflect  .     (gloves unavailable)
SustAt .         Harm     .     (boots unavailable)
MR     .....                    (no amulet)
Stlth  +++.......               d - ring of poison resistance
                                j - ring of protection from cold

@: quick, not resistant to hostile enchantments, fairly stealthy
A: no armour, no weapons or thrown items, claws 1, fangs 3, see invisible,
carnivore 3, speed 1, shaggy fur 2, slow metabolism 1, sharp paws
a: no special abilities


You were on level 3 of the Dungeon.
You were completely stuffed.

You visited 1 branch of the dungeon, and saw 4 of its levels.

You collected 183 gold pieces.

Inventory:

Jewellery
 d - a ring of poison resistance (right paw)
 j - a ring of protection from cold (left paw)
 n - a +2 ring of intelligence
 p - an uncursed ring of teleportation
Scrolls
 a - a scroll of teleportation {!r}
 h - 2 scrolls of blinking
 k - a scroll of identify
Potions
 b - 4 potions of curing
 e - 2 potions of heal wounds {!q}
 g - a potion of flight
 i - 2 potions of cure mutation {!q}
 l - a potion of might {!q}
 m - a potion of brilliance {!q}
 q - a potion of magic {!q}
Comestibles
 c - 3 meat rations {!e}
 f - a beef jerky


   Skills:
 + Level 2.4 Fighting
 + Level 5.3 Dodging
 - Level 1.3 Stealth
 * Level 5.0 Unarmed Combat
 - Level 4.0 Spellcasting
   Level 1.5 Translocations
 - Level 1.1 Evocations


You had 13 spell levels left.
You didn't know any spells.

Dungeon Overview and Level Annotations

Branches:
Dungeon (4/15)
 Temple: D:4-7

Altars:
Cheibriados
Makhleb

Annotations:
D:4 Dowan, Duvessa


Innate Abilities, Weirdness & Mutations

You cannot wear armour.
You are incapable of wielding weapons or throwing items.
You have sharp claws.
You have razor-sharp teeth.
You have supernaturally acute eyesight.
You are carnivorous and can eat meat at any time.
You cover ground quickly.
You are covered in thick fur (AC +2).
You have a slow metabolism.
Your sharp claws are effective at attacking unaware monsters.


Message History

You barely miss the orc priest.
The orc priest is moderately wounded.
You scratch the orc priest.
The orc priest is heavily wounded.
The orc priest hits you with a hand axe.
Damage: 1 (max 1)
You closely miss the orc priest.
You bite the orc priest, but do no damage.
The orc priest is heavily wounded.
The orc priest calls down the wrath of Beogh upon you.
You resist with significant effort.
You scratch the orc priest but do no damage.
The orc priest is heavily wounded.
The orc priest hits you with a hand axe.
Damage: 4 (max 4)
You barely miss the orc priest.
The orc priest is heavily wounded.
The orc priest miscasts a cantrip.
You barely miss the orc priest.
You bite the orc priest, but do no damage.
The orc priest is heavily wounded.
The orc priest casts a cantrip, but nothing happens.
You scratch the orc priest.
The orc priest is severely wounded.
The orc priest calls down the wrath of Beogh upon you.
Pain shoots through your body!
Damage: 8 (max 8)
You scratch the orc priest.
The orc priest is severely wounded.
The orc priest closely misses you.
You closely miss the orc priest.
You bite the orc priest, but do no damage.
The orc priest is severely wounded.
You barely miss the orc priest.
The orc priest is severely wounded.
The orc priest invokes the aid of Beogh against you.
Something smites you!
* * * LOW HITPOINT WARNING * * *
Damage: 13 (max 13)
You scratch the orc priest but do no damage.
The orc priest is severely wounded.
The orc priest misses you.
You scratch the orc priest.
The orc priest is severely wounded.
The orc priest invokes the aid of Beogh against you.
You resist with significant effort.
You scratch the orc priest.
The orc priest is almost dead.
The orc priest hits you with a hand axe.
You die...

.# #..## #.######### .#
#####...######.(.....o.#
.########.............########.#
.....).......##..####.......##.#
#########.##.###.## ######...#o##
#.##.# #..# #......#..g..
#########.##.###..###.####...#.#.
.................o...............
#####...(.......@#.##[#####.##.#.
#.###.##...###.##.# ##.##.#. #.#
#.#........##.## #.....#.
#.###.#....##......# #..##.#.
#.##..#...>##.#.#..###..##...
####.##...............##...##.#.
#.............##..#....)........
#.##.##.##.#..##..#.#.#...######
#.##..............#.#.#...#


You could see an orc priest.

Vanquished Creatures
  A centaur skeleton (D:4)
  An orc wizard (D:3)
  4 worker ants (D:4)
  7 gnolls
  8 adders
  An ooze (D:3)
  4 giant geckos
  5 orcs
  A ball python (D:2)
  A giant cockroach (D:2)
  10 goblins
  11 hobgoblins
  6 jackals
  5 kobolds
  3 quokkas
  A ball python skeleton (D:3)
  11 bats
  A giant newt (D:3)
  A quokka skeleton (D:4)
  10 rats
92 creatures vanquished.

Notes
Turn   | Place    | Note
--------------------------------------------------------------
     0 | D:1      | Gorice the Felid Wanderer began the quest for the Orb.
     0 | D:1      | Gorice set off with: a scroll of teleportation {!r}, a potion of curing, a meat ration {!e}
     0 | D:1      | Reached XP level 1. HP: 7/7 MP: 6/6
   256 | D:1      | Reached skill level 3 in Dodging
   462 | D:1      | Reached XP level 2. HP: 4/11 MP: 8/8
  1070 | D:1      | Reached skill level 2 in Unarmed Combat
  1947 | D:2      | Reached XP level 3. HP: 15/15 MP: 9/9
  2153 | D:2      | Reached skill level 1 in Fighting
  2153 | D:2      | Reached skill level 3 in Unarmed Combat
  2397 | D:2      | Reached XP level 4. HP: 19/19 MP: 11/11
  3072 | D:3      | HP: 4/19 [orc wizard/dagger of electrocution (13)]
  3082 | D:3      | Killed from afar by an orc wizard
  3083 | D:3      | Reached XP level 3. HP: -2/15 MP: 9/9
  3143 | D:3      | Reached skill level 4 in Dodging
  3143 | D:3      | Reached XP level 4. HP: 13/19 MP: 11/11
  3284 | D:3      | Found a snail-covered altar of Cheibriados.
  4325 | D:3      | HP: 5/19 [gnoll/spear (7)]
  4715 | D:2      | Reached skill level 4 in Unarmed Combat
  4925 | D:3      | Reached XP level 5. HP: 17/22 MP: 12/12
  5706 | D:3      | --Woah: well equipped goblin: 2!curing + ?blink
  5814 | D:4      | Reached skill level 2 in Fighting
  5846 | D:4      | Reached skill level 5 in Dodging
  5860 | D:4      | Noticed an ogre
  5987 | D:4      | Noticed Duvessa
  5987 | D:4      | Noticed Dowan
  6224 | D:4      | Gained mutation: You are covered in thick fur (AC +2). [Felid growth]
  6224 | D:4      | Reached XP level 6. HP: 21/26 MP: 13/13
  6275 | D:3      | Found a burning altar of Makhleb.
  6484 | D:4      | Reached skill level 5 in Unarmed Combat
  6587 | D:3      | HP: 2/27 [orc priest/divine providence (13)]
  6590 | D:3      | Slain by an orc priest

Vault maps used:
D:1:      dpeg_arrival_three_smaller_balls
D:3:      lemuel_upstairs_altar, cheibriados_altar_1, first_bread
D:4:      minmay_misc_feat_columns, st_stairs_2, amethyst_killhole,
          minmay_door_square, grunt_ministairs_15, uniq_duvessa

Action                   |  1- 3 |  4- 6 || total
-------------------------+-------+-------++-------
Melee: Unarmed           |   128 |   179 ||   307
  Use: Scroll            |     5 |    10 ||    15
       Potion            |     1 |       ||     1
 Stab: Sleeping          |    11 |     7 ||    18
  Eat: Chunk             |    10 |    14 ||    24

Table legend:
 A = Turns spent in this place as a percentage of turns spent in the entire game.
 B = Non-inter-level travel turns spent in this place as a percentage of non-inter-level travel turns spent in the entire game.
 C = Inter-level travel turns spent in this place as a percentage of turns spent in this place.
 D = Turns resting spent in this place as a percentage of non-inter-level travel turns spent in this place.
 E = Turns spent auto-exploring this place as a percentage of non-inter-level travel turns spent in this place.
 F = Non-inter-level travel turns spent in this place divided by the number of levels of this place that you've seen.
                   A       B       C       D       E      F
               +-------+-------+-------+-------+-------+----------------------
         Total | 100.0 | 100.0 |   0.5 |   3.9 |   3.3 | 563.2
       Dungeon | 100.0 | 100.0 |   0.5 |   3.9 |   3.3 | 563.2
               +-------+-------+-------+-------+-------+----------------------

Vault maps used:
D:1:      dpeg_arrival_three_smaller_balls
D:3:      lemuel_upstairs_altar, cheibriados_altar_1, first_bread
D:4:      minmay_misc_feat_columns, st_stairs_2, amethyst_killhole,
          minmay_door_square, grunt_ministairs_15, uniq_duvessa
